cohdb
Replays
Latest Replays
All Replays
Popular Replays
Top Player Replays
Match Explorer
How It Works
Community
CoH3 Stats
Reddit
Sign in to upload your games and track your stats! →
Sign in with Steam
Match 42774038
Unlisted
Match 42774038
Overview
Messages
Build Orders
End
Vickers Machine Gun Team
Selects Canadian Shock Battlegroup
Vickers Machine Gun Team
Construct Section Command Post
Dingo Light Scout Car
Construct Platoon Command Post
6-pounder Anti-tank Gun Team
Selects Attacking Spirit
Selects Canadian Shock Section
Canadian Shock Section
Humber Armored Car
Canadian Shock Section
Vickers Machine Gun Team
Royal Engineer Section
CMP 15cwt Truck
Selects Burnout
Selects Pyrotechnics
CMP 15cwt Truck
AI Takeover
KWxMIKE
開信刀
Nester
KingImRing
Valdai
Sailor
0
0
Comments
sign in to comment!
No comments posted yet!